 Dungeon Crawl Stone Soup version 0.28.0 (webtiles) character file.

Game seed: 2167207007783372783

30 theElss the Skirmisher (level 3, -4/24 HPs)
             Began as a Gargoyle Berserker on Feb 16, 2022.
             Was a Follower of Trog.
             Slain by a hobgoblin (5 damage)
             ... led by Robin
             ... on level 2 of the Dungeon.
             The game lasted 00:01:54 (1458 turns).

theElss the Skirmisher (Gargoyle Berserker)         Turns: 1458, Time: 00:01:54

Health: -4/24      AC:  5    Str: 20    XL:     3   Next: 18%
Magic:  3/3        EV: 12    Int:  7    God:    Trog [*.....]
Gold:   61         SH:  0    Dex: 11    Spells: 2/2 levels left

rFire   . . .      SeeInvis .   a - +0 mace
rCold   . . .      Faith    .   (no shield)
rNeg    + . .      Spirit   .   b - +0 animal skin
rPois   ∞          Reflect  .   (no helmet)
rElec   +          Harm     .   (no cloak)
rCorr   .          Rampage  .   (no gloves)
Will    .....                   (no boots)
Stlth   +.........              (no amulet)
HPRegen 0.08/turn               (no ring)
MPRegen 0.08/turn               (no ring)

@: on berserk cooldown, slowed, very slow
A: sickness immunity, AC +3, negative energy resistance 1, electricity
resistance, torment resistance 1, petrification resistance
a: Renounce Religion, Berserk


You were on level 2 of the Dungeon.
You worshipped Trog.
Trog was aware of your devotion.
You visited 1 branch of the dungeon, and saw 2 of its levels.

You collected 61 gold pieces.

Inventory:

Hand Weapons
 a - a +0 mace (weapon)
Armour
 b - a +0 animal skin (worn)
Scrolls
 e - a scroll of blinking {unknown}
 f - a scroll of identify {unknown}
Potions
 c - a potion of berserk rage {unknown}
 d - a potion of invisibility {unknown}
 g - a potion of attraction {unknown}


   Skills:
 + Level 3.6 Fighting
 + Level 3.3 Maces & Flails
 + Level 2.7 Armour
 + Level 2.0 Dodging


You had 2 spell levels left.
You didn't know any spells.
Your spell library was empty.

Dungeon Overview and Level Annotations

Branches:
Dungeon (2/15)

Altars:

Annotations:
D:2 Robin


Innate Abilities, Weirdness & Mutations

You are immune to sickness and miasma.
Your stone body is resilient. (AC +3)
You are immune to poison.
You resist negative energy. (rN+)
You are resistant to electric shocks. (rElec)
You are resistant to unholy torment.
You are immune to petrification.


Message History

Robin roars a battlecry!
The goblin goes into a battle-frenzy!
The hobgoblin hits you but does no damage.
Your Dodging skill increases to level 2!
You barely miss the goblin.
The goblin hits you with a +0 dagger. x2
You closely miss the goblin. The hobgoblin closely misses you.
The goblin closely misses you. x2
You barely miss the goblin. The hobgoblin barely misses you.
The goblin closely misses you. The goblin hits you with a +0 dagger.
You sock the goblin!
You kill the goblin!
Trog accepts your kill. Robin throws the goblin at you!
The hobgoblin barely misses you. The goblin hits you with a +0 club.
You sock the goblin!
You kill the goblin!
Trog accepts your kill. The goblin hits you but does no damage.
The hobgoblin hits you.
You closely miss the goblin. The goblin barely misses you.
The hobgoblin hits you.
You barely miss the goblin. The goblin hits you but does no damage.
Robin throws the goblin at you!
You closely miss the goblin. The hobgoblin hits you.
The goblin hits you with a +0 club.
* * * LOW HITPOINT WARNING * * *
The goblin hits you but does no damage.
You closely miss the goblin. The hobgoblin barely misses you.
The goblin closely misses you. The goblin hits you but does no damage.
You miss the goblin. The hobgoblin barely misses you.
You barely miss the goblin. The goblin hits you with a +0 club.
* * * LOW HITPOINT WARNING * * *
The goblin closely misses you. The hobgoblin barely misses you.
You barely miss the goblin. The goblin hits you but does no damage.
The goblin hits you with a +0 dagger.
* * * LOW HITPOINT WARNING * * *
You closely miss the goblin.
You are no longer berserk.
You are exhausted.
You feel yourself slow down. The hobgoblin hits you.
You die...

.w.....# #.....#
#.?..# ## #....#####.
......##........
..... #.#######
...... #..#
......w##)### ####
......gg@g..###......
......###g....#......
... ###.#........ .
#..##.....(
##.##......
###....(....
###.....#####
#....#..#
........##.########


You could see a worm, Robin, a hobgoblin (strong) and 2 goblins.

Vanquished Creatures
  4 endoplasms
  2 giant cockroaches (D:1)
  2 hobgoblins (D:1)
  2 jackals (D:1)
  2 quokkas (D:1)
  A ball python (D:1)
  A bat (D:1)
  A frilled lizard (D:1)
  7 goblins (D:2)
  3 kobolds (D:1)
  3 rats (D:1)
28 creatures vanquished.

Notes
Turn   | Place    | Note
-------+----------+-------------------------------------------
     0 | D:1      | theElss the Gargoyle Berserker began the quest for the Orb.
     0 | D:1      | Reached XP level 1. HP: 14/14 MP: 1/1
   434 | D:1      | Reached XP level 2. HP: 19/19 MP: 2/2
  1437 | D:2      | Noticed Robin
  1439 | D:2      | Reached XP level 3. HP: 22/23 MP: 3/3
  1458 | D:2      | Slain by a hobgoblin

Illustrated notes

Levels and vault maps discovered:
D:1:      dpeg_arrival_radiant, layout_loops_ring, roderic_filled_cross
D:2:      layout_rooms, serial_rivers, chequers_serial_rivers_large_a,
          chequers_serial_rivers_room_b, chequers_serial_rivers_micro_e,
          chequers_serial_rivers_micro_a, uniq_terence, uniq_robin

Skill      XL: |  1  2  3 |
---------------+----------+-----
Dodging        | 2 |  2.0
Fighting       | |  3.6
Maces & Flails | |  3.3
Armour         | |  2.7

Action                   || total
-------------------------++-------
Melee: Mace              ||    83
       Punch             ||     2
Invok: Berserk           ||     1
Armor: Animal skin       ||    26
Dodge: Dodged            ||    67
